 Dungeon Crawl Stone Soup version 0.29-a0-495-g17b79114eb (webtiles) character file.

Game seed: 8593367647186892710

123 xianbchi the Conjurer (level 5, -12/31 HPs)
             Began as an Octopode Conjurer on May 27, 2022.
             Killed by divine providence
             ... invoked by an orc priest
              (16 damage)
             ... on level 3 of the Dungeon.
             The game lasted 00:05:42 (2181 turns).

xianbchi the Conjurer (Octopode Conjurer)           Turns: 2181, Time: 00:05:43

Health: -12/31     AC:  1    Str:  6    XL:     5   Next: 7%
Magic:  5/9        EV: 13    Int: 23    God:
Gold:   88         SH:  0    Dex: 10    Spells: 6/9 levels left

rFire   . . .      SeeInvis .   k - +0 mace (protect)
rCold   . . .      Faith    .   (no shield)
rNeg    . . .      Spirit   .   (helmet restricted)
rPois   .          Reflect  .   (no amulet)
rElec   .          Harm     .   b - ring of resist corrosion
rCorr   +          Rampage  .   (no ring)
Will    .....                   (no ring)
Stlth   +++.......              (no ring)
HPRegen 0.10/turn               (no ring)
MPRegen 0.11/turn               (no ring)
                                (no ring)
                                (no ring)

@: no status effects
A: almost no armour, amphibious, 8 rings, camouflage 1, gelatinous body 1,
(nimble swimmer 1), tentacles
a: no special abilities


You were on level 3 of the Dungeon.
You visited 1 branch of the dungeon, and saw 3 of its levels.

You collected 88 gold pieces.

Inventory:

Hand Weapons
 k - a +0 mace of protection (weapon)
Missiles
 p - 3 poisoned darts
Jewellery
 b - a ring of resist corrosion (left tentacle)
Scrolls
 c - 2 scrolls of enchant weapon {unknown}
 e - 2 scrolls of identify {unknown}
 f - 2 scrolls of amnesia {unknown}
 g - 2 scrolls of magic mapping {unknown}
 h - a scroll of immolation {unknown}
 i - 3 scrolls of teleportation {unknown}
 j - a scroll of brand weapon {unknown}
 m - a scroll of fear {unknown}
 s - a scroll of enchant armour {unknown}
 t - a scroll of vulnerability {unknown}
 u - a scroll of noise {unknown}
Potions
 a - a potion of magic
 d - 3 potions of haste {unknown}
 l - a potion of attraction {unknown}
 n - a potion of brilliance {unknown}
 o - a potion of degeneration {unknown}
 q - a potion of curing {unknown}
 r - a potion of ambrosia {unknown}
 v - a potion of mutation {unknown}


   Skills:
 + Level 0.4 Short Blades
 + Level 2.1 Dodging
 + Level 3.1 Stealth
 + Level 2.9 Spellcasting
 + Level 5.4 Conjurations


You had 6 spell levels left.
You knew the following spells:

 Your Spells              Type           Power      Damage    Failure   Level
a - Magic Dart            Conj           100%       1d8       1%          1
b - Searing Ray           Conj           56%        2d6       1%          2

Your spell library contained the following spells:

 Spells                   Type           Power      Damage    Failure   Level
 Necrotize                Necr           12%        1d4       12%         1
 Sandblast                Erth           6%         2d5       12%         1
 Dazzling Flash           Conj/Hex       30%        N/A       12%         3
 Stone Arrow              Conj/Erth      30%        3d8       12%         3
 Ensorcelled Hibernation  Hex/Ice        6%         N/A       19%         2
 Passwall                 Tmut/Erth      2%         N/A       19%         2
 Swiftness                Air            3%         N/A       34%         3
 Vampiric Draining        Necr           3%         2d6       34%         3
 Fulminant Prism          Conj/Hex       7%         3d7       36%         4
 Iskenderun's Mystic Bla  Conj/Tloc      15%        2d5       36%         4
 Agony                    Necr           3%         N/A       97%         5
 Blade Hands              Tmut           1%         N/A       97%         5
 Iron Shot                Conj/Erth      7%         9d2       99%         6
 Animate Armour           Summ/Erth      Unusable   N/A       N/A         4

Dungeon Overview and Level Annotations

Branches:
Dungeon (3/15)

Altars:


Innate Abilities, Weirdness & Mutations

You cannot wear most types of armour.
You are amphibious.
You can wear up to eight rings at the same time.
Your skin changes colour to match your surroundings (Stealth+).
Your rubbery body absorbs attacks. (AC +1, EV +1)
((You are camouflaged when in or above water. (Stealth+)))
You have tentacles for arms and can constrict up to eight enemies at once.


Message History

You kill the quokka!
You can't see any susceptible monsters within range! (Use Z to cast anyway.)
You can't see any susceptible monsters within range! (Use Z to cast anyway.) Done exploring.
Done exploring.
There is a stone staircase leading down here.
Unknown command.
You climb downwards.
Found a whip and a club.
There is a stone staircase leading up here.
The magic dart hits the hobgoblin.
You kill the hobgoblin!
You can't see any susceptible monsters within range! (Use Z to cast anyway.)
You can't see any susceptible monsters within range! (Use Z to cast anyway.)
You can't see any susceptible monsters within range! (Use Z to cast anyway.)
You can't see any susceptible monsters within range! (Use Z to cast anyway.)
Found an escape hatch in the ceiling.
You see here a +0 whip.
There is a stone staircase leading up here.
A hobgoblin comes into view.
The magic dart hits the hobgoblin but does no damage.
The hobgoblin shouts!
The magic dart hits the hobgoblin.
You kill the hobgoblin!
An orc priest opens the door.
The magic dart hits the orc priest but does no damage.
The orc priest shouts!
The orc priest calls down the wrath of Beogh upon you.
Beogh smites you!
The magic dart hits the orc priest!
The orc priest is heavily wounded.
The orc priest calls down the wrath of Beogh upon you.
Beogh smites you!
* * * LOW HITPOINT WARNING * * *
An orc comes into view. It is wielding a +0 whip.
You hear a shout!
The orc priest invokes the aid of Beogh against you.
Beogh smites you!
Ouch! That really hurt!
You die...

########## #
........#.##
#........#
...##..@.....#
.......).....#
##.##........#
....###.#.##
#....† .# #
#..... '#
#.).. o #....
o #<..


You could see an orc priest and an orc.

Vanquished Creatures
  A scorpion (D:2)
  An adder (D:2)
  2 dart slugs (D:2)
  An orc (D:2)
  3 ball pythons
  9 endoplasms
  A giant cockroach (D:1)
  5 goblins
  4 hobgoblins
  2 jackals (D:1)
  4 quokkas
  4 bats
  A frilled lizard (D:2)
  6 kobolds
44 creatures vanquished.

Vanquished Creatures (others)
  A fungus (D:1)
  A plant (D:1)
2 creatures vanquished.

Grand Total: 46 creatures vanquished

Notes
Turn   | Place    | Note
-------+----------+-------------------------------------------
     0 | D:1      | xianbchi the Octopode Conjurer began the quest for the Orb.
     0 | D:1      | Reached XP level 1. HP: 11/11 MP: 3/3
   169 | D:1      | Reached XP level 2. HP: 17/17 MP: 0/5
   234 | D:1      | Found a faded altar of an unknown god.
   623 | D:1      | Reached XP level 3. HP: 21/21 MP: 1/6
   706 | D:1      | Learned a level 2 spell: Searing Ray
  1327 | D:2      | Noticed a scorpion
  1336 | D:2      | Killed a scorpion
  1337 | D:2      | Reached skill level 5 in Conjurations
  1337 | D:2      | Reached XP level 4. HP: 16/27 MP: 1/8
  1911 | D:2      | Reached XP level 5. HP: 31/31 MP: 5/9
  2181 | D:3      | Killed from afar by an orc priest

Illustrated notes

Levels and vault maps discovered:
D:1:      ebering_trefoil_twist, layout_rooms, shapermc_ecumenical_altar_gd
D:2:      layout_loops_cross, dreamdust_princess_corridor,
          amcnicky_mini_corridor_feature, hex_large
D:3:      layout_basic

Skill      XL: |  1  2  3 |
---------------+----------+-----
Stealth        | 3 |  3.1
Conjurations   | 5 |  5.4
Short Blades   | |  0.4
Dodging        | |  2.1
Spellcasting   | |  2.9

Action                   |  1- 3 |  4- 6 || total
-------------------------+-------+-------++-------
Melee: Dagger            |     5 |       ||     5
       Constrict         |     2 |       ||     2
       Mace              |     2 |       ||     2
       Tentacles         |     1 |       ||     1
 Cast: Magic Dart        |    56 |    20 ||    76
       Searing Ray       |     1 |       ||     1
Armor: Skin              |     1 |       ||     1
Dodge: Dodged            |    10 |       ||    10

Table legend: (Time is in decaauts)
 A = Elapsed time spent in this place.
 B = Non-inter-level travel time spent in this place.
 C = Inter-level travel time spent in this place.
 D = Time resting spent in this place.
 E = Time spent auto-exploring this place.
 F = Levels seen in this place.
 G = Mean time per level.
                   A        B        C        D        E       F      G
               +--------+--------+--------+--------+--------+-----+--------+
         Total |   2179 |   2178 |      1 |      0 |   1780 |   3 |  726.3 |
       Dungeon |   2179 |   2178 |      1 |      0 |   1780 |   3 |  726.3 |
               +--------+--------+--------+--------+--------+-----+--------+

Top non-repeatable levels by time:
     D:2: 1293 daAuts
     D:1: 877 daAuts
     D:3: 8 daAuts
